 Dungeon Crawl Stone Soup version 0.16.0-17-g811c1d7 (webtiles) character file.

208 valak23 the Skirmisher (level 5, 0/42 HPs)
             Began as a Demonspawn Abyssal Knight on Mar 21, 2015.
             Was a Believer of Lugonu.
             Slain by a scorpion (6 damage)
             ... on level 4 of the Dungeon.
             The game lasted 00:09:15 (2885 turns).

valak23 the Skirmisher (Demonspawn Abyssal Knight)  Turns: 2885, Time: 00:09:15

Health: 0/42       AC:  6    Str: 15    XL:     5   Next: 55%
Magic:  7/7        EV: 12    Int: 14    God:    Lugonu [**....]
Gold:   139        SH:  0    Dex: 12    Spells: 0 memorised, 4 levels left

rFire  . . .     SeeInvis .     a - +1 hand axe
rCold  . . .     Clarity  .     b - +1 leather armour
rNeg   . . .     SustAb   .     (no shield)
rPois  .         Gourm    .     (helmet restricted)
rElec  .         Spirit   .     (no cloak)
rCorr  .         Warding  .     (no gloves)
rMut   .         Stasis   .     (no boots)
MR     .....                    (no amulet)
Stlth  +.........               (no ring)
                                (no ring)

@: lethally poisoned (0 -> -13), not resistant to hostile enchantments, very
unstealthy
A: horns 1, thin metallic scales 1, blurry vision 1, low mp 1, strong 1, rot
immunity
a: Depart the Abyss, Bend Space, Renounce Religion


You were on level 4 of the Dungeon.
You worshipped Lugonu.
Lugonu was pleased with you.
You were full.

You visited 1 branch of the dungeon, and saw 4 of its levels.
You visited the Abyss 1 time.

You collected 139 gold pieces.

Inventory:

Hand weapons
 a - a +1 hand axe (weapon)
Armour
 b - a +1 leather armour (worn)
Jewellery
 e - an uncursed ring of invisibility
Magical devices
 d - a wand of digging (10)
Scrolls
 c - a scroll of teleportation
 f - 3 scrolls of remove curse
 g - a scroll of enchant armour
Potions
 i - 2 potions of agility
 k - a potion of curing {unknown}
 m - a potion of berserk rage {unknown}
 n - a potion of invisibility {unknown}
 p - a potion of poison {unknown}
Comestibles
 j - a bread ration
 l - 2 fruits


   Skills:
 + Level 4.0 Fighting
 + Level 2.9 Axes
 + Level 2.3 Armour
 + Level 2.7 Dodging
 + Level 0.4 Stealth
 + Level 3.4 Invocations


You had 4 spell levels left.
You didn't know any spells.

Dungeon Overview and Level Annotations

Branches:
Dungeon (4/15)
 Temple: D:4-7

Altars:
Sif Muna


Innate Abilities, Weirdness & Mutations

You have a pair of small horns on your head.
You are partially covered in thin metallic scales (AC +2).
You are immune to rotting.
Scrolls take you a little longer to read.
Your magical capacity is low (-10% MP).
Your muscles are strong. (Str +2)


Message History

The scorpion is moderately wounded.
You feel sick.
The scorpion stings you but does no damage.
You barely miss the scorpion.
You headbutt the scorpion, but do no damage.
The scorpion is moderately wounded.
You feel sick. The scorpion stings you!
* * * LOW HITPOINT WARNING * * *
You are lethally poisoned!
The scorpion poisons you!
You slash the scorpion!
The scorpion is almost dead.
* * * LOW HITPOINT WARNING * * *
You feel sick. The scorpion stings you.
* * * LOW HITPOINT WARNING * * *
You hit the scorpion but do no damage.
The scorpion is almost dead.
* * * LOW HITPOINT WARNING * * *
You feel sick. The scorpion stings you.
You die...

#.##.# #.##.#
#.##.# ...#.#
#.##.# # .
#.##.#.# ...
#.##.#.#
#...####.##...#
#....s@.)(....#
#...###.)##.###
#. #..#### #..#
...# ...##
###.# ..# ###


You could see a scorpion.

Vanquished Creatures
  2 orc wizards (D:4)
  3 gnolls (D:3)
  4 adders
  4 worms (D:2)
  3 giant geckos
  2 oozes (D:2)
  2 orcs
  10 bats
  10 goblins
  8 hobgoblins
  3 jackals (D:1)
  3 giant cockroaches
  5 giant newts
  3 kobolds
  A quokka (D:2)
  6 rats
69 creatures vanquished.

Notes
Turn   | Place    | Note
--------------------------------------------------------------
     0 | Abyss:1  | valak23, the Demonspawn Abyssal Knight, began the quest for the Orb.
     0 | Abyss:1  | Reached XP level 1. HP: 18/18 MP: 1/1
    42 | Abyss:1  | Noticed a chaos spawn
    42 | D:1      | Escaped the Abyss
   165 | D:1      | Acquired Lugonu's first power
   195 | D:1      | Reached skill level 1 in Dodging
   302 | D:1      | Gained mutation: You are partially covered in thin metallic scales (AC +2). [demonic ancestry]
   302 | D:1      | Reached XP level 2. HP: 18/24 MP: 2/2
   736 | D:2      | Found a deep blue altar of Sif Muna.
   762 | D:2      | Gained mutation: You have a pair of small horns on your head. [demonic ancestry]
   762 | D:2      | Reached XP level 3. HP: 4/29 MP: 4/4
  1009 | D:2      | Gained mutation: Your magical capacity is low (-10% MP). [potion of mutation]
  1009 | D:2      | Gained mutation: Scrolls take you a little longer to read. [potion of mutation]
  1009 | D:2      | Gained mutation: Your muscles are strong. (Str +2) [potion of mutation]
  1448 | D:2      | Reached XP level 4. HP: 35/37 MP: 5/5
  1869 | D:3      | Acquired Lugonu's second power
  1963 | D:3      | HP: 1/37 [spatial distortion (1)]
  2501 | D:3      | Gained mutation: You are immune to rotting. [demonic ancestry]
  2501 | D:3      | Reached XP level 5. HP: 26/42 MP: 5/7
  2865 | D:4      | Reached skill level 4 in Fighting
  2885 | D:4      | Slain by a scorpion

Action                   |  1- 3 |  4- 6 || total
-------------------------+-------+-------++-------
Melee: Hand axe          |    98 |    81 ||   179
Invok: Depart the Abyss  |     1 |       ||     1
       Bend Space        |       |     1 ||     1
Evoke: Wand              |       |     2 ||     2
  Use: Scroll            |     6 |     1 ||     7
       Potion            |     1 |       ||     1
  Eat: Bread ration      |     1 |       ||     1
       Pizza             |       |     1 ||     1
       Meat ration       |       |     1 ||     1
